 Dungeon Crawl Stone Soup version 0.16.1-30-g34a7ffa (webtiles) character file.

7470 Miyamura the Nimble (level 11, -10/83 HPs)
             Began as a Merfolk Ice Elementalist on June 20, 2015.
             Was an Elder of Cheibriados.
             Engulfed by a cloud of flame (29 damage)
             ... in a volcano.
             The game lasted 01:06:40 (12467 turns).

Miyamura the Nimble (Merfolk Ice Elementalist)     Turns: 12467, Time: 01:06:41

Health: -10/83     AC: 17    Str: 21    XL:     11   Next: 15%
Magic:  28/34      EV: 23    Int: 27    God:    Cheibriados [****..]
Gold:   218        SH:  0    Dex: 26    Spells: 5 memorised, 9 levels left

rFire  . . .     SeeInvis .     y - +3 rapier "Qonturch" {flame, rPois MR+ Str+3}
rCold  + . .     Clarity  .     w - +3 leather armour {rC+}
rNeg   . . .     SustAb   .     (no shield)
rPois  +         Gourm    .     (no helmet)
rElec  .         Spirit   .     u - +0 cloak {MR+}
rCorr  .         Warding  .     m - +2 pair of gloves
rMut   .         Rnd*Tele +     (no boots)
MR     ++...                    K - amulet of regeneration
Stlth  +++.......               t - ring of magical power
                                g - ring of teleportation

@: icy armour, very slow, very resistant to hostile enchantments, fairly
stealthy
A: change form in water, swift swim
a: Bend Time, Temporal Distortion, Slouch, Renounce Religion, Evoke
Teleportation


You were in a volcano.
You worshipped Cheibriados.
Cheibriados was greatly pleased with you.
You were not hungry.

You visited 3 branches of the dungeon, and saw 11 of its levels.
You also visited: Sewer and Volcano.

You collected 638 gold pieces.
You spent 420 gold pieces at shops.

Inventory:

Hand weapons
 f - a +3 trident of freezing
 y - the +3 rapier "Qonturch" (weapon) {flame, rPois MR+ Str+3}
   (You found it on level 5 of the Dungeon)

   It has been specially enchanted to burn those struck by it, causing extra
   injury to most foes and up to half again as much damage against particularly
   susceptible opponents.
   It affects your strength (+3).
   It protects you from poison.
   It affects your resistance to hostile enchantments.
Armour
 m - a +2 pair of gloves (worn)
 u - a +0 cloak of magic resistance (worn)
 w - a +3 leather armour of cold resistance (worn)
Magical staves
 A - an uncursed staff of summoning
Jewellery
 g - a ring of teleportation (left hand)
 n - an uncursed ring of protection from magic
 q - an uncursed ring of flight {unknown}
 t - a ring of magical power (right hand)
 G - a +3 ring of dexterity {unknown}
 H - an uncursed ring of protection from fire {unknown}
 I - an uncursed amulet of faith {unknown}
 K - an amulet of regeneration (around neck)
 Q - an uncursed amulet of faith {unknown}
Magical devices
 a - a wand of polymorph (9)
 r - a wand of confusion (1)
 v - a wand of confusion (22)
 L - a wand of lightning (4)
 O - a wand of magic darts (23)
 P - a wand of confusion (31)
Scrolls
 l - a scroll of recharging
 o - 2 scrolls of blinking
 z - 2 scrolls of fear
 B - 3 scrolls of fog
Potions
 d - 2 potions of might
 e - 4 potions of curing
 h - 2 potions of degeneration {unknown}
 j - 2 potions of flight {unknown}
 k - a potion of mutation {unknown}
 p - 3 potions of brilliance
 s - a potion of cancellation {unknown}
 x - 3 potions of ambrosia
 C - 2 potions of cure mutation
 D - a potion of resistance {unknown}
Books
 b - a book of Frost

   Spells                             Type                      Level
   a - Freeze                         Ice                          1
   b - Throw Frost                    Conjuration/Ice              2
   c - Ozocubu's Armour               Charms/Ice                   3
   d - Throw Icicle                   Conjuration/Ice              4
   e - Summon Ice Beast               Ice/Summoning                4
   f - Condensation Shield            Ice                          4
 J - a book of Changes

   Spells                             Type                      Level
   a - Beastly Appendage              Transmutation                1
   b - Sticks to Snakes               Transmutation                2
   c - Spider Form                    Transmutation/Poison         3
   d - Ice Form                       Ice/Transmutation            4
   e - Blade Hands                    Transmutation                5
Miscellaneous
 N - a lamp of fire
Comestibles
 c - 10 bread rations
 i - 5 beef jerkies
 E - 2 fruits
 R - a meat ration


   Skills:
 - Level 6.6 Fighting
 - Level 3.9 Short Blades
 - Level 7.2 Polearms
 - Level 9.9 Dodging
 - Level 4.0 Stealth
 - Level 6.9 Spellcasting
 - Level 0.7 Conjurations
 - Level 4.6 Summonings
 - Level 8.7 Ice Magic
 + Level 2.7 Invocations
 + Level 3.0 Evocations


You had 9 spell levels left.
You knew the following spells:

 Your Spells              Type           Power        Failure   Level  Hunger
a - Ozocubu's Armour      Chrm/Ice       ####....     3%          3    None
b - Ice Form              Ice/Trmt       ####....     12%         4    ###....
f - Freeze                Ice            ####         1%          1    None
s - Summon Ice Beast      Ice/Summ       #####...     6%          4    ###....
t - Throw Frost           Conj/Ice       #####.       1%          2    None


Dungeon Overview and Level Annotations

Branches:
Dungeon (9/15)             Temple (1/1) D:6            Lair (1/8) D:8
    Orc: D:9-12

Altars:
Ashenzari
Cheibriados
Dithmenos
Elyvilon
Fedhas
Gozag
Kikubaaqudgha
Makhleb
Nemelex Xobeh
Okawaru
Qazlal
Ru
Sif Muna
Trog
Vehumet
Xom
Yredelemnul
Zin
The Shining One

Shops:
D:7 =   D:8 :

Annotations:
D:8 Gastronok, Pikel


Message History

Confirm with . or Enter, or press ? or * to list all spells.
Aiming: Throw Frost
Press: ? - help, Shift-Dir - straight line, f/p - lava snake
Aim: a lava snake (lava, almost dead, catching its breath)
The puff of frost hits the lava snake.
The lava snake is frozen!
You kill the lava snake!
Cheibriados thoroughly appreciates the change of pace.
Cheibriados raises the support of your attributes as your movement slows.
Your Evocations skill increases to level 3!
Use which ability? (? or * to list)
Okay, then.
The air gets thick with the scent of sulphur.
The volcano roars to life, belching forth lava!
You are engulfed in roaring flames.
You are engulfed in roaring flames.
* * * LOW HITPOINT WARNING * * *
Casting: Throw Frost
Confirm with . or Enter, or press ? or * to list all spells.
A film of ice covers your body!
You are engulfed in roaring flames.
You die...

.....≈≈§≈§§≈§§≈≈§§
....≈§≈§≈§≈≈≈§≈§§≈≈≈≈
....§§§≈≈≈§§≈§§≈≈≈≈≈≈§
......§§≈§≈≈§≈≈≈≈§§§≈§§
###.....§§≈≈≈§≈§§≈≈§≈≈§.
##....§§.§≈≈§§§§§≈≈...
###..§§.§.§..§.§.§§.#
##§§.§§..§.....#
###§.§§...@§§#
##.§##§#.#.# ######### #


There were no monsters in sight!

Vanquished Creatures
  A komodo dragon (Lair:1)
  Prince Ribbit (D:4)
  The ghost of Scuka the Cudgeler, an average GrFi (D:5)
  A spriggan (D:7)
  5 wraiths (D:8)
  3 fire bats (D:8)
  Eustachio (D:5)
  A hungry ghost (D:8)
  2 water moccasins
  Purgy (Sewer)
  3 ice beasts (D:8)
  2 orc warriors (D:7)
  3 ogres
  A slave (D:8)
  A phantom (D:5)
  3 black bears
  A sky beast (D:5)
  4 centaurs
  2 big kobolds (D:9)
  Duvessa (D:8)
  A giant frog (D:6)
  Blork the orc (D:5)
  A water moccasin zombie (D:7)
  2 scorpions (D:4)
  4 killer bees (D:8)
  A water moccasin skeleton (D:6)
  2 crimson imps
  7 wights (D:9)
  Dowan (D:8)
  2 centaur zombies
  A lava snake (Volcano)
  A goliath beetle (D:7)
  5 hounds
  2 jellies
  2 giant frog skeletons
  2 giant frog zombies
  2 orc priests
  19 orc wizards
  3 iguanas
  Natasha (thrice) (D:5)
  4 worker ants
  A hound zombie (D:9)
  A gnoll (D:1)
  12 adders
  3 worms (D:3)
  4 giant geckos
  An ooze (D:1)
  27 orcs
  15 bats
  A bat zombie (D:4)
  2 giant cockroaches (D:3)
  12 goblins
  19 hobgoblins
  13 jackals
  2 quokkas
  5 ball pythons
  9 giant newts
  26 kobolds
  22 rats
  A spectral orc (D:3)
  2 ballistomycetes (D:6)
282 creatures vanquished.

Vanquished Creatures (collateral kills)
  A flayed ghost (D:8)
  Psyche (D:8)
  A porcupine (Lair:1)
  An ogre (D:8)
  A necrophage (D:9)
  A giant frog (D:8)
  5 wights (D:9)
  An orc wizard (D:9)
  A killer bee zombie (D:8)
  A giant gecko (D:8)
  2 orcs (D:8)
  A bat (D:8)
17 creatures vanquished.

Vanquished Creatures (others)
  9 ice beasts
  A bat zombie (D:6)
  A giant spore (D:6)
  A ballistomycete (D:6)
12 creatures vanquished.

Grand Total: 311 creatures vanquished

Notes
Turn   | Place    | Note
--------------------------------------------------------------
     0 | D:1      | Miyamura, the Merfolk Ice Elementalist, began the quest for the Orb.
     0 | D:1      | Reached XP level 1. HP: 13/13 MP: 3/3
   166 | D:1      | Reached XP level 2. HP: 11/19 MP: 1/4
   805 | D:1      | Reached skill level 1 in Fighting
   828 | D:1      | Reached XP level 3. HP: 21/26 MP: 0/6
  1009 | D:1      | Learned a level 2 spell: Throw Frost
  1013 | D:1      | Learned a level 3 spell: Ozocubu's Armour
  1795 | D:2      | Reached XP level 4. HP: 32/32 MP: 5/8
  2627 | D:3      | Reached XP level 5. HP: 25/38 MP: 5/10
  2764 | D:3      | Found a glowing drain.
  2789 | Sewer    | Entered a sewer
  2916 | Sewer    | Reached skill level 4 in Ice Magic
  3017 | Sewer    | Noticed Purgy
  3040 | Sewer    | Killed Purgy
  3040 | Sewer    | Reached XP level 6. HP: 46/46 MP: 9/13
  3524 | D:3      | Found a shadowy altar of Dithmenos.
  3747 | D:3      | Found a basalt altar of Yredelemnul.
  3977 | D:4      | Reached skill level 1 in Polearms
  4277 | D:4      | Learned a level 4 spell: Summon Ice Beast
  4334 | D:4      | Reached XP level 7. HP: 50/52 MP: 1/15
  4418 | D:4      | Reached skill level 5 in Dodging
  4470 | D:4      | Reached skill level 5 in Ice Magic
  4474 | D:4      | Noticed Prince Ribbit
  4965 | D:4      | Killed Prince Ribbit
  4965 | D:4      | Reached XP level 8. HP: 36/60 MP: 10/18
  5299 | D:5      | Entered Level 5 of the Dungeon
  5345 | D:5      | Reached skill level 6 in Dodging
  5491 | D:5      | Noticed Scuka's ghost (average GrFi)
  5497 | D:5      | Noticed Blork the orc
  5513 | D:5      | Killed Scuka's ghost
  5513 | D:5      | Reached skill level 5 in Polearms
  5795 | D:5      | Killed Blork the orc
  5918 | D:5      | Reached skill level 5 in Fighting
  6204 | D:5      | Reached skill level 7 in Dodging
  6204 | D:5      | Reached XP level 9. HP: 68/68 MP: 20/20
  6225 | D:5      | Noticed Natasha
  6237 | D:5      | Killed Natasha
  6266 | D:5      | Noticed Eustachio
  6289 | D:5      | Killed Eustachio
  6289 | D:5      | Reached skill level 5 in Spellcasting
  6386 | D:5      | Noticed Natasha
  6391 | D:5      | Killed Natasha
  6559 | D:5      | Noticed Natasha
  6566 | D:5      | Killed Natasha
  6625 | D:5      | Got a smoking rapier
  7260 | D:6      | Got a faintly glowing dagger
  7547 | D:6      | Found a snail-covered altar of Cheibriados.
  7547 | D:6      | Found a burning altar of Makhleb.
  8267 | D:6      | Found a staircase to the Ecumenical Temple.
  8274 | Temple   | Entered the Ecumenical Temple
  8402 | D:6      | Became a worshipper of Cheibriados the Contemplative
  8477 | D:7      | Reached skill level 8 in Dodging
  8650 | D:7      | Reached skill level 1 in Summonings
  8696 | D:7      | Identified the +4 dagger of Gluttony {holy, -Tele MR++} (You found it on level 6 of the Dungeon)
  8807 | D:7      | Got a brightly glowing plate armour
  9287 | D:7      | Learned a level 4 spell: Ice Form
  9347 | D:7      | Found Strunuqu's Jewellery Boutique.
  9356 | D:7      | Bought an uncursed amulet of regeneration for 420 gold pieces
  9620 | D:7      | Reached XP level 10. HP: 67/76 MP: 20/23
  9719 | D:8      | Noticed Psyche
  9739 | D:8      | Killed Psyche
  9739 | D:8      | Acquired Cheibriados' first power
  9922 | D:8      | Found Threjotsaj's Book Emporium.
  9931 | D:8      | Found a bloodstained altar of Trog.
  9932 | D:8      | Noticed Duvessa
  9953 | D:8      | Reached skill level 9 in Dodging
 10051 | D:8      | Noticed Dowan
 10060 | D:8      | Killed Duvessa
 10065 | D:8      | Killed Dowan
 10098 | D:8      | Identified the +3 rapier "Qonturch" {flame, rPois MR+ Str+3} (You found it on level 5 of the Dungeon)
 10266 | D:8      | Found a shimmering altar of Xom.
 10277 | D:8      | Reached skill level 1 in Short Blades
 10288 | D:8      | Found a runed door.
 10307 | D:8      | Found a snail-covered altar of Cheibriados.
 10422 | D:8      | Noticed a flayed ghost
 10434 | D:8      | Killed a flayed ghost
 10444 | D:8      | Got a shimmering amethyst amulet
 10456 | D:8      | Found a burning altar of Makhleb.
 10460 | D:8      | Found a basalt altar of Yredelemnul.
 10469 | D:8      | Found a radiant altar of Vehumet.
 10514 | D:8      | Found a burning altar of Makhleb.
 10709 | D:8      | Noticed Gastronok
 10738 | D:8      | Noticed Pikel
 10738 | D:8      | Acquired Cheibriados' second power
 11266 | D:9      | Identified the +8 plate armour of Surprise {-Tele rF- Str+4 Dex+2 Slay+3} (You found it on level 7 of the Dungeon)
 11268 | D:9      | Identified the amulet of Guen {Spirit Str+3} (You found it on level 8 of the Dungeon)
 11446 | D:9      | Reached XP level 11. HP: 83/83 MP: 25/25
 11608 | D:9      | Reached skill level 1 in Evocations
 11706 | D:9      | Reached skill level 1 in Invocations
 11872 | D:9      | Acquired Cheibriados' third power
 12190 | D:8      | Found a staircase to the Lair.
 12235 | Lair:1   | Entered Level 1 of the Lair of Beasts
 12333 | Lair:1   | Found a dark tunnel.
 12345 | Volcano  | Entered a volcano
 12467 | Volcano  | Engulfed by a cloud of flame

Action                   |  1- 3 |  4- 6 |  7- 9 | 10-12 || total
-------------------------+-------+-------+-------+-------++-------
Melee: Unarmed           |    42 |       |       |       ||    42
       Spear             |    17 |   182 |   325 |    93 ||   617
       Rapier            |       |       |       |   255 ||   255
       Trident           |       |       |       |    41 ||    41
 Cast: Freeze            |    56 |    70 |   164 |    28 ||   318
       Throw Frost       |     2 |    11 |    60 |    17 ||    90
       Ozocubu's Armour  |     1 |     5 |    12 |    22 ||    40
       Summon Ice Beast  |       |       |       |    29 ||    29
Invok: Bend Time         |       |       |     3 |     3 ||     6
  Use: Scroll            |     4 |     9 |     4 |     6 ||    23
       Potion            |       |     4 |     5 |     3 ||    12
 Stab: Sleeping          |       |     6 |    10 |     2 ||    18
       Distracted        |       |       |       |     3 ||     3
  Eat: Chunk             |     4 |    10 |    12 |     7 ||    33
       Beef jerky        |       |       |     1 |       ||     1
       Meat ration       |       |       |     1 |     1 ||     2
       Fruit             |       |       |       |     2 ||     2
